[Event "Ennis Open 2024"]
[Site "Ennis IRL"]
[Date "2024.02.23"]
[Round "1.1"]
[White "Costachi, Mihnea"]
[Black "Higgins, Kenneth"]
[Result "1-0"]
[WhiteTitle "IM"]
[WhiteElo "2471"]
[BlackElo "1849"]
[BlackICU "1703"]
[BlackClub "Ballinasloe"]
[WhiteNationality "ROU"]
[BlackNationality "IRL"]
[WhiteFideId "1217518"]
[BlackFideId "2508630"]
[PlyCount "67"]
[ECO "B07"]
[Opening "Pirc defence"]
[EventSection "1/3"]
[Venue "West County Hotel"]
[EventDate "2024.02.23"]
[TimeControl "4500+30"]

{ Event information: <a
href="https://www.irlchess.com/ennis2024_allfiles/pairings_ennis2024.html">Tournament
report</a>. }

1. d4 d6 2. e4 Nf6 3. Nc3 e5 4. Nf3 exd4 5. Nxd4 Be7 6. Be2 Nc6 7. O-O O-O
8. Re1 Re8 9. Bf4 Nxd4 10. Qxd4 Be6 11. Rad1 a6 12. h3 h6 13. Bf3 Nd7 14.
Nd5 Bxd5 15. Qxd5 Rb8 16. Bh5 Rf8 17. Qb3 Bg5 18. Bh2 Qf6 19. Rd5 g6 20.
Be2 Nc5 21. Qb4 Bf4 22. g3 a5 23. Qxa5 c6 24. Rxc5 dxc5 25. gxf4 Qxb2 26.
Qxc5 b6 27. Qc4 b5 28. Qb3 Qd4 29. Bf3 Qc5 30. f5 Ra8 31. Qb2 Ra3 32. Kg2
Rc3 33. Bd6 Qd4 34. Bb4 1-0

[Event "Ennis Open 2024"]
[Site "Ennis IRL"]
[Date "2024.02.23"]
[Round "1.2"]
[White "Dunne Jr., Thomas"]
[Black "Arkell, Keith"]
[Result "0-1"]
[BlackTitle "GM"]
[WhiteElo "1837"]
[BlackElo "2366"]
[WhiteICU "1804"]
[WhiteClub "Ballinasloe"]
[WhiteNationality "IRL"]
[BlackNationality "ENG"]
[WhiteFideId "2507269"]
[BlackFideId "400270"]
[PlyCount "56"]
[ECO "B12"]
[Opening "Caro-Kann"]
[Variation "advance variation"]
[EventSection "1/3"]
[Venue "West County Hotel"]
[EventDate "2024.02.23"]
[TimeControl "4500+30"]

{ Event information: <a
href="https://www.irlchess.com/ennis2024_allfiles/pairings_ennis2024.html">Tournament
report</a>. }

1. e4 c6 2. d4 d5 3. e5 c5 4. c3 Nc6 5. Be3 Bf5 6. Nf3 cxd4 7. cxd4 e6 8.
Nc3 a6 9. Rc1 Nge7 10. Be2 Bg4 11. O-O Nf5 12. h3 Bxf3 13. Bxf3 Be7 14. Na4
Rc8 15. Bg4 Nxe3 16. fxe3 O-O 17. Nc5 Bxc5 18. Rxc5 Qg5 19. Qf3 Nxe5 20.
dxe5 Rxc5 21. Bxe6 Qxe5 22. Bxf7+ Kh8 23. Qe2 Qe7 24. Bh5 Rxf1+ 25. Kxf1
Rc1+ 26. Kf2 Qh4+ 27. g3 Qf6+ 28. Bf3 Rb1 0-1

[Event "Ennis Open 2024"]
[Site "Ennis IRL"]
[Date "2024.02.23"]
[Round "1.3"]
[White "Gubanov, Oleg"]
[Black "Petrenko, Maryna"]
[Result "1-0"]
[WhiteTitle "IM"]
[WhiteElo "2285"]
[BlackElo "1814"]
[WhiteICU "2236"]
[WhiteClub "Ennis"]
[WhiteNationality "UKR"]
[BlackNationality "UKR"]
[WhiteFideId "14115115"]
[BlackFideId "14197820"]
[PlyCount "81"]
[ECO "D36"]
[Opening "QGD"]
[Variation "exchange, positional line, 6.Qc2"]
[EventSection "1/3"]
[Venue "West County Hotel"]
[EventDate "2024.02.23"]
[TimeControl "4500+30"]

{ Event information: <a
href="https://www.irlchess.com/ennis2024_allfiles/pairings_ennis2024.html">Tournament
report</a>. }

1. d4 d5 2. c4 e6 3. Nc3 c6 4. cxd5 exd5 5. Qc2 Nf6 6. Bg5 Be7 7. e3 Be6 8.
Bd3 Nbd7 9. Nge2 O-O 10. h3 Re8 11. Nf4 Nf8 12. Nxe6 fxe6 13. f4 c5 14. O-O
cxd4 15. exd4 Qb6 16. Qf2 h6 17. Bh4 a6 18. Kh1 Rad8 19. Rad1 N6d7 20. Rd2
Kh8 21. Bb1 Qd6 22. g4 b5 23. Bg3 Qb6 24. Qe3 b4 25. Ne2 Bd6 26. Qf2 Nh7
27. Ng1 Qb8 28. Qe3 Re7 29. Nf3 Nhf8 30. Ne5 Kg8 31. Nc6 Qb5 32. Nxe7+ Bxe7
33. Bd3 Qa5 34. b3 Qb6 35. g5 hxg5 36. fxg5 Nh7 37. Bxh7+ Kxh7 38. Rf7 Bd6
39. Bxd6 Qxd6 40. Qd3+ Kg8 41. Qg6 1-0

[Event "Ennis Open 2024"]
[Site "Ennis IRL"]
[Date "2024.02.23"]
[Round "1.4"]
[White "O'Brien, Kieran"]
[Black "Turzo, Attila"]
[Result "0-1"]
[BlackTitle "IM"]
[WhiteElo "1798"]
[BlackElo "2278"]
[WhiteICU "1602"]
[WhiteClub "Ennis"]
[WhiteNationality "IRL"]
[BlackNationality "HUN"]
[WhiteFideId "2502038"]
[BlackFideId "704954"]
[PlyCount "88"]
[ECO "B18"]
[Opening "Caro-Kann"]
[Variation "classical variation"]
[EventSection "1/3"]
[Venue "West County Hotel"]
[EventDate "2024.02.23"]
[TimeControl "4500+30"]
[BlackFullName "Turz&oacute;, Attila"]

{ Event information: <a
href="https://www.irlchess.com/ennis2024_allfiles/pairings_ennis2024.html">Tournament
report</a>. }

1. e4 c6 2. d4 d5 3. Nc3 dxe4 4. Nxe4 Bf5 5. Ng3 Bg6 6. Nf3 Nd7 7. Bd3 Ngf6
8. h4 e6 9. h5 Bxd3 10. Qxd3 h6 11. Be3 Qa5+ 12. Bd2 Bb4 13. c3 Be7 14. b4
Qc7 15. c4 O-O 16. Rb1 Rfe8 17. Kf1 Rad8 18. Qc2 Bd6 19. Ne2 e5 20. dxe5
Nxe5 21. Ned4 Nxf3 22. Nxf3 Ne4 23. Rh3 Nxd2+ 24. Nxd2 Bxb4 25. Nf3 Bd6 26.
g4 Qd7 27. Qf5 Qxf5 28. gxf5 b6 29. Nd4 Bc5 30. Nb3 Be7 31. Re3 c5 32. Ke2
Bg5 33. Rxe8+ Rxe8+ 34. Kf3 Re5 35. Rd1 Rxf5+ 36. Kg2 Rf4 37. Rd7 a5 38.
Rd5 Rxc4 39. Rd6 a4 40. Rxb6 axb3 41. Rxb3 Ra4 42. a3 c4 43. Rb8+ Kh7 44.
Rc8 Bd2 0-1

[Event "Ennis Open 2024"]
[Site "Ennis IRL"]
[Date "2024.02.23"]
[Round "1.6"]
[White "Fil, Alkim Alper"]
[Black "Venkatesan, Kavin"]
[Result "0-1"]
[BlackTitle "FM"]
[WhiteElo "1760"]
[BlackElo "2166"]
[WhiteICU "1616"]
[BlackICU "2239"]
[BlackClub "St. Benildus"]
[WhiteNationality "TUR"]
[BlackNationality "IRL"]
[WhiteFideId "6309747"]
[BlackFideId "2512602"]
[PlyCount "60"]
[ECO "E01"]
[Opening "Catalan"]
[Variation "closed"]
[EventSection "1/3"]
[Venue "West County Hotel"]
[EventDate "2024.02.23"]
[TimeControl "4500+30"]

{ Event information: <a
href="https://www.irlchess.com/ennis2024_allfiles/pairings_ennis2024.html">Tournament
report</a>. }

1. d4 Nf6 2. c4 e6 3. g3 d5 4. Bg2 Bb4+ 5. Nd2 O-O 6. Nf3 dxc4 7. O-O b5 8.
a4 c6 9. b3 c3 10. Nb1 Qa5 11. Ne5 Bb7 12. Nd3 Be7 13. b4 Bxb4 14. Nxb4
Qxb4 15. Ba3 Qc4 16. axb5 c2 17. Qc1 Rd8 18. e3 cxb1=Q 19. Qxc4 Qg6 20.
Rfb1 Nd5 21. Bc5 cxb5 22. Qxb5 Bc6 23. Qa5 Nd7 24. e4 N5b6 25. Be7 Re8 26.
d5 exd5 27. exd5 Nxd5 28. Bxd5 Rxe7 29. Qb4 Rae8 30. Ra6 Qxb1+ 0-1

[Event "Ennis Open 2024"]
[Site "Ennis IRL"]
[Date "2024.02.23"]
[Round "1.7"]
[White "Daly, Colm"]
[Black "Du Berry, Ross"]
[Result "1-0"]
[WhiteTitle "FM"]
[WhiteElo "2135"]
[BlackElo "1743"]
[WhiteICU "2141"]
[BlackICU "1558"]
[WhiteClub "Bray/Greystones"]
[BlackClub "Galway"]
[WhiteNationality "IRL"]
[BlackNationality "IRL"]
[WhiteFideId "2500434"]
[BlackFideId "2519046"]
[PlyCount "86"]
[ECO "A09"]
[Opening "Reti"]
[Variation "advance variation"]
[EventSection "1/3"]
[Venue "West County Hotel"]
[EventDate "2024.02.23"]
[TimeControl "4500+30"]

{ Event information: <a
href="https://www.irlchess.com/ennis2024_allfiles/pairings_ennis2024.html">Tournament
report</a>. }

1. Nf3 d5 2. c4 d4 3. g3 c5 4. b4 Nf6 5. Bg2 e6 6. a3 Bd6 7. O-O O-O 8.
bxc5 Bxc5 9. d3 Nc6 10. Nbd2 a6 11. Nb3 Ba7 12. Bf4 Bb8 13. Qc1 e5 14. Bg5
Bd6 15. Nfd2 Be7 16. c5 Nd5 17. Bxe7 Ncxe7 18. Nc4 Nc3 19. Re1 Be6 20. e3
Rb8 21. Qc2 Nc6 22. exd4 exd4 23. Nbd2 Qg5 24. Nb3 Na4 25. Qc1 Qxc1 26.
Raxc1 Bxc4 27. Rxc4 Nb2 28. Rc2 Nxd3 29. Rd1 Nde5 30. Nxd4 Rfd8 31. Rcd2
Nxd4 32. Rxd4 Rxd4 33. Rxd4 Kf8 34. f4 Ng6 35. Rd7 Rc8 36. Bxb7 Rxc5 37.
Bxa6 Ke8 38. Rb7 h5 39. a4 h4 40. Bb5+ Kf8 41. a5 h3 42. a6 Rc1+ 43. Bf1
Ne5 1-0

[Event "Ennis Open 2024"]
[Site "Ennis IRL"]
[Date "2024.02.23"]
[Round "1.8"]
[White "Bennett, Eric"]
[Black "Culbeaux Tello, Oscar Abraham"]
[Result "1/2-1/2"]
[BlackTitle "FM"]
[WhiteElo "1730"]
[BlackElo "2094"]
[WhiteICU "1660"]
[BlackICU "1989"]
[WhiteClub "Bray/Greystones"]
[BlackClub "Ennis"]
[WhiteNationality "IRL"]
[BlackNationality "MEX"]
[WhiteFideId "2501384"]
[BlackFideId "5101530"]
[PlyCount "161"]
[ECO "A45"]
[Opening "Trompovsky attack (Ruth, Opovcensky opening)"]
[EventSection "1/3"]
[Venue "West County Hotel"]
[EventDate "2024.02.23"]
[TimeControl "4500+30"]

{ Event information: <a
href="https://www.irlchess.com/ennis2024_allfiles/pairings_ennis2024.html">Tournament
report</a>. }

1. d4 Nf6 2. Bg5 g6 3. Bxf6 exf6 4. g3 Bg7 5. Bg2 f5 6. e3 O-O 7. c3 d6 8.
Ne2 Nd7 9. Nd2 Nf6 10. O-O Re8 11. b4 Ne4 12. Qc2 Qe7 13. a4 a5 14. b5 b6
15. Rac1 Bb7 16. Nxe4 fxe4 17. c4 Rad8 18. c5 dxc5 19. dxc5 Bf8 20. cxb6
cxb6 21. Qc7 Qxc7 22. Rxc7 Ba8 23. Nd4 Bc5 24. Nb3 Bd6 25. Rc2 Bd5 26. Nd4
Bc5 27. Ra1 f5 28. Bf1 Bxd4 29. exd4 e3 30. Bc4 exf2+ 31. Kxf2 Re4 32.
Bxd5+ Rxd5 33. Rd1 Rdxd4 34. Rxd4 Rxd4 35. Rc6 Rxa4 36. h4 Rb4 37. Rxb6 Kg7
38. Kf3 Kh6 39. Rb7 a4 40. Ra7 Rxb5 41. Rxa4 Kh5 42. Ra7 h6 43. Rh7 Rb3+
44. Kf4 Rb4+ 45. Kf3 Rg4 46. Rh8 Ra4 47. Rh7 f4 48. gxf4 Ra3+ 49. Ke4 Rh3
50. f5 Rxh4+ 51. Ke5 gxf5 52. Kxf5 Ra4 53. Rh8 Ra6 54. Rg8 Ra1 55. Rg2 Rf1+
56. Ke5 Kh4 57. Rh2+ Kg5 58. Rg2+ Kh5 59. Rh2+ Kg6 60. Rg2+ Kh7 61. Ra2 h5
62. Ra7+ Kg6 63. Ra8 h4 64. Rh8 Kg5 65. Ke4 Kg4 66. Rg8+ Kh3 67. Ke3 Kh2
68. Ke2 Rf7 69. Rg6 h3 70. Rg5 Kh1 71. Rg6 h2 72. Rg5 Ra7 73. Kf2 Ra2+ 74.
Kf1 Ra1+ 75. Kf2 Rg1 76. Ra5 Rg2+ 77. Kf1 Rg6 78. Rf5 Ra6 79. Rg5 Rf6+ 80.
Ke1 Rf1+ 81. Kxf1 1/2-1/2

[Event "Ennis Open 2024"]
[Site "Ennis IRL"]
[Date "2024.02.24"]
[Round "2.1"]
[White "Murchadha, Oissine"]
[Black "Costachi, Mihnea"]
[Result "0-1"]
[WhiteTitle "CM"]
[BlackTitle "IM"]
[WhiteElo "1959"]
[BlackElo "2471"]
[WhiteICU "1974"]
[WhiteClub "Galway"]
[WhiteNationality "IRL"]
[BlackNationality "ROU"]
[WhiteFideId "2503603"]
[BlackFideId "1217518"]
[PlyCount "96"]
[ECO "E60"]
[Opening "King's Indian, 3.Nf3"]
[EventSection "1/3"]
[Venue "West County Hotel"]
[EventDate "2024.02.23"]
[TimeControl "4500+30"]
[WhiteFullName "Murchadha, Oiss&iacute;ne"]

{ Event information: <a
href="https://www.irlchess.com/ennis2024_allfiles/pairings_ennis2024.html">Tournament
report</a>. }

1. Nf3 Nf6 2. c4 g6 3. d4 Bg7 4. Nc3 O-O 5. Bg5 h6 6. Bh4 c5 7. d5 d6 8. e3
e6 9. Be2 exd5 10. cxd5 Na6 11. Nd2 Nc7 12. a4 b6 13. O-O Ba6 14. Bxa6 Nxa6
15. h3 Qe7 16. e4 g5 17. Bg3 Nd7 18. Qg4 Ne5 19. Bxe5 Bxe5 20. f4 Bd4+ 21.
Kh1 Nb4 22. e5 dxe5 23. d6 Qxd6 24. fxg5 Qg6 25. Nde4 f5 26. gxf6 Qxg4 27.
hxg4 Nc2 28. Rab1 Ne3 29. Rf3 Nxg4 30. g3 Kf7 31. Nd5 Rad8 32. Ne7 Ke6 33.
Rbf1 Bxb2 34. Nf5 Kd5 35. Ne3+ Nxe3 36. Rxe3 Bd4 37. Re2 a6 38. Rf5 b5 39.
axb5 axb5 40. Rh5 b4 41. Rxh6 b3 42. Nd2 b2 43. g4 Rg8 44. Rg2 c4 45. f7
Rgf8 46. Rf6 c3 47. Nb1 Rh8+ 48. Rh2 c2 0-1

[Event "Ennis Open 2024"]
[Site "Ennis IRL"]
[Date "2024.02.24"]
[Round "2.2"]
[White "Arkell, Keith"]
[Black "Daly, Colm"]
[Result "1-0"]
[WhiteTitle "GM"]
[BlackTitle "FM"]
[WhiteElo "2366"]
[BlackElo "2135"]
[BlackICU "2141"]
[BlackClub "Bray/Greystones"]
[WhiteNationality "ENG"]
[BlackNationality "IRL"]
[WhiteFideId "400270"]
[BlackFideId "2500434"]
[PlyCount "87"]
[ECO "E62"]
[Opening "King's Indian"]
[Variation "fianchetto, Larsen system"]
[EventSection "1/3"]
[Venue "West County Hotel"]
[EventDate "2024.02.23"]
[TimeControl "4500+30"]

{ Event information: <a
href="https://www.irlchess.com/ennis2024_allfiles/pairings_ennis2024.html">Tournament
report</a>. }

1. d4 Nf6 2. Nf3 g6 3. c4 Bg7 4. g3 O-O 5. Bg2 d6 6. O-O c6 7. Nc3 Bf5 8.
b3 Ne4 9. Bb2 Nxc3 10. Bxc3 Be4 11. e3 Nd7 12. Bh3 Bxf3 13. Qxf3 e6 14.
Rfd1 Nf6 15. Bg2 d5 16. Qe2 a5 17. Rab1 Re8 18. f3 Bf8 19. Kh1 Qd7 20. e4
Reb8 21. a4 b5 22. e5 Ne8 23. axb5 cxb5 24. c5 Nc7 25. b4 axb4 26. Bxb4 Ra4
27. Rb2 Rba8 28. Rdb1 Qc6 29. Bf1 Bg7 30. Qd1 f6 31. f4 fxe5 32. fxe5 Bh6
33. Bd3 Qe8 34. Qe2 Bf8 35. Bc2 R4a7 36. Bd2 Ra2 37. Bd3 Rxb2 38. Rxb2 Ra4
39. Be3 Qa8 40. Bxb5 Nxb5 41. Qxb5 Rc4 42. Kg2 Qa1 43. Rf2 Qa4 44. Qb8 1-0

[Event "Ennis Open 2024"]
[Site "Ennis IRL"]
[Date "2024.02.24"]
[Round "2.3"]
[White "Morriss, Pete"]
[Black "Gubanov, Oleg"]
[Result "0-1"]
[BlackTitle "IM"]
[WhiteElo "1934"]
[BlackElo "2285"]
[WhiteICU "1716"]
[BlackICU "2236"]
[WhiteClub "Galway"]
[BlackClub "Ennis"]
[WhiteNationality "IRL"]
[BlackNationality "UKR"]
[WhiteFideId "2500230"]
[BlackFideId "14115115"]
[PlyCount "72"]
[ECO "A00"]
[Opening "Polish (Sokolsky) opening"]
[EventSection "1/3"]
[Venue "West County Hotel"]
[EventDate "2024.02.23"]
[TimeControl "4500+30"]

{ Event information: <a
href="https://www.irlchess.com/ennis2024_allfiles/pairings_ennis2024.html">Tournament
report</a>. }

1. b4 e5 2. Bb2 Bxb4 3. Bxe5 Nf6 4. a3 Ba5 5. c4 O-O 6. e3 Re8 7. Nf3 d5 8.
cxd5 Nxd5 9. Be2 c5 10. O-O Nc6 11. Bg3 Be6 12. Ne5 Qf6 13. d4 cxd4 14.
Nxc6 bxc6 15. exd4 Rad8 16. Be5 Qe7 17. Qa4 Bb6 18. Qxc6 f6 19. Bg3 Bxd4
20. Nd2 Bxa1 21. Rxa1 Nb6 22. Qc3 Qd7 23. Nb3 Bf7 24. Bf3 Qd3 25. Qxd3 Rxd3
26. Nc5 Rxa3 27. Rd1 Bd5 28. Bg4 Rc3 29. Na6 Bb7 30. Nc7 Rf8 31. Nb5 Rc5
32. Nd6 Bd5 33. Nf5 Bb3 34. Ra1 Rd8 35. h4 h5 36. Bh3 Rd1+ 0-1

[Event "Ennis Open 2024"]
[Site "Ennis IRL"]
[Date "2024.02.24"]
[Round "2.4"]
[White "Turzo, Attila"]
[Black "Naughton, James"]
[Result "1-0"]
[WhiteTitle "IM"]
[WhiteElo "2278"]
[BlackElo "2055"]
[BlackICU "2000"]
[BlackClub "Limerick"]
[WhiteNationality "HUN"]
[BlackNationality "IRL"]
[WhiteFideId "704954"]
[BlackFideId "2509199"]
[PlyCount "135"]
[ECO "D02"]
[Opening "Queen's bishop game"]
[EventSection "1/3"]
[Venue "West County Hotel"]
[EventDate "2024.02.23"]
[TimeControl "4500+30"]
[WhiteFullName "Turz&oacute;, Attila"]

{ Event information: <a
href="https://www.irlchess.com/ennis2024_allfiles/pairings_ennis2024.html">Tournament
report</a>. }

1. d4 Nf6 2. Bf4 d5 3. Nf3 c5 4. e3 Nc6 5. Nbd2 Qb6 6. dxc5 Qxb2 7. Rb1 Qc3
8. Bb5 g6 9. O-O Bg7 10. Nb3 Qb4 11. Bxc6+ bxc6 12. Qd4 Qxd4 13. exd4 a5
14. Rfe1 Ne4 15. Nbd2 O-O 16. Nxe4 dxe4 17. Rxe4 Be6 18. a4 Bd5 19. Rxe7
Bxf3 20. gxf3 Bxd4 21. Re4 Bxc5 22. Rc4 Ba7 23. Rxc6 Rfc8 24. Rc7 Rxc7 25.
Bxc7 Rc8 26. Rb7 Bd4 27. Rb8 Rxb8 28. Bxb8 Kf8 29. Bc7 Bc3 30. Kf1 Ke7 31.
Ke2 Kd7 32. Kd3 Be1 33. Bb6 Kc6 34. Bd4 Bb4 35. h3 Bd6 36. Be3 Be7 37. Ke4
Bd6 38. Bd4 Bc7 39. Ba7 Kb7 40. Bd4 Kc6 41. Kd3 Bb8 42. Kc4 Bd6 43. Bf6 Bc7
44. f4 Bb6 45. f3 Bc7 46. Be5 Bb6 47. f5 gxf5 48. Bb8 Bf2 49. Be5 Bb6 50.
Bf6 Bc7 51. Kd4 Bb6+ 52. Kd3 Bc7 53. Be7 Kd7 54. Bf8 Kc6 55. Kd4 Bg3 56.
Be7 Bc7 57. c4 Kd7 58. Bf6 Kc6 59. c5 Bg3 60. Bd8 Be1 61. Bb6 f6 62. Bd8
Bf2+ 63. Kc4 Bxc5 64. Bxa5 Bd6 65. Bc3 Be7 66. a5 Bd8 67. a6 Kb6 68. Ba5+
1-0

[Event "Ennis Open 2024"]
[Site "Ennis IRL"]
[Date "2024.02.24"]
[Round "2.5"]
[White "Baker, Chris W."]
[Black "O'Grady, Martin"]
[Result "1/2-1/2"]
[WhiteElo "2020"]
[BlackElo "1886"]
[BlackICU "1679"]
[BlackClub "Sarsfield"]
[WhiteNationality "ENG"]
[BlackNationality "IRL"]
[WhiteFideId "405620"]
[BlackFideId "2505568"]
[PlyCount "59"]
[ECO "E15"]
[Opening "Queen's Indian"]
[Variation "Nimzovich variation (exaggerated fianchetto)"]
[EventSection "1/3"]
[Venue "West County Hotel"]
[EventDate "2024.02.23"]
[TimeControl "4500+30"]

{ Event information: <a
href="https://www.irlchess.com/ennis2024_allfiles/pairings_ennis2024.html">Tournament
report</a>. }

1. d4 Nf6 2. c4 e6 3. Nf3 b6 4. g3 Ba6 5. Qc2 c5 6. Bg2 Bb7 7. d5 exd5 8.
Nh4 Nc6 9. cxd5 Nb4 10. Qd2 Bxd5 11. Bxd5 Nbxd5 12. e4 Nc7 13. e5 Nfd5 14.
Nf5 d6 15. exd6 Bxd6 16. Nxg7+ Kf8 17. Nf5 h5 18. Nc3 Be5 19. Nxd5 Nxd5 20.
O-O Qd7 21. Rd1 Rd8 22. Qc2 Qe6 23. Bd2 h4 24. Bc3 hxg3 25. fxg3 Rh5 26.
Rf1 Bxc3 27. bxc3 Ne3 28. Nxe3 Qxe3+ 29. Qf2 Rd3 30. Qxe3 1/2-1/2

[Event "Ennis Open 2024"]
[Site "Ennis IRL"]
[Date "2024.02.24"]
[Round "2.6"]
[White "Venkatesan, Kavin"]
[Black "Beryozkin, Sergey"]
[Result "1-0"]
[WhiteTitle "FM"]
[WhiteElo "2166"]
[BlackElo "1852"]
[WhiteICU "2239"]
[BlackICU "1746"]
[WhiteClub "St. Benildus"]
[BlackClub "Dun Laoghaire"]
[WhiteNationality "IRL"]
[BlackNationality "IRL"]
[WhiteFideId "2512602"]
[BlackFideId "2510472"]
[PlyCount "103"]
[ECO "D35"]
[Opening "QGD"]
[Variation "exchange, positional line"]
[EventSection "1/3"]
[Venue "West County Hotel"]
[EventDate "2024.02.23"]
[TimeControl "4500+30"]

{ Event information: <a
href="https://www.irlchess.com/ennis2024_allfiles/pairings_ennis2024.html">Tournament
report</a>. }

1. d4 Nf6 2. c4 e6 3. Nc3 d5 4. cxd5 exd5 5. Bg5 Bb4 6. e3 O-O 7. Bd3 Re8
8. Ne2 c5 9. O-O Be6 10. Nf4 Bxc3 11. bxc3 Nbd7 12. Qb1 Qb6 13. Bxf6 Nxf6
14. Qxb6 axb6 15. a4 Bd7 16. Bb5 Bc6 17. Rfb1 Nd7 18. Nxd5 Bxd5 19. Bxd7
Red8 20. Bf5 cxd4 21. cxd4 Rd6 22. Rb4 g6 23. Bd3 Rc8 24. h3 Rc3 25. Be2
Rf6 26. Rb2 Kg7 27. Re1 Ra3 28. Bb5 Re6 29. Rc1 Rf6 30. Rc7 h5 31. Rd7 Rf5
32. Re7 Ra1+ 33. Kh2 Rf6 34. h4 Bc6 35. Kg3 Kf8 36. Re5 Rd6 37. Bxc6 bxc6
38. Rxb6 Rxa4 39. Rc5 Re6 40. Rbxc6 Re4 41. Rc1 Ra2 42. R6c2 Ra3 43. Rc3
Ra2 44. f3 Re7 45. e4 Rd7 46. d5 Kg7 47. Rc7 Rd8 48. Rb1 Rd6 49. Rbb7 Rf6
50. e5 Rf5 51. e6 Rxd5 52. Rxf7+ 1-0

[Event "Ennis Open 2024"]
[Site "Ennis IRL"]
[Date "2024.02.24"]
[Round "3.1"]
[White "Costachi, Mihnea"]
[Black "Turzo, Attila"]
[Result "1/2-1/2"]
[WhiteTitle "IM"]
[BlackTitle "IM"]
[WhiteElo "2471"]
[BlackElo "2278"]
[WhiteNationality "ROU"]
[BlackNationality "HUN"]
[WhiteFideId "1217518"]
[BlackFideId "704954"]
[PlyCount "29"]
[ECO "D12"]
[Opening "QGD Slav"]
[Variation "4.e3 Bf5"]
[EventSection "1/3"]
[Venue "West County Hotel"]
[EventDate "2024.02.23"]
[TimeControl "4500+30"]
[BlackFullName "Turz&oacute;, Attila"]

{ Event information: <a
href="https://www.irlchess.com/ennis2024_allfiles/pairings_ennis2024.html">Tournament
report</a>. }

1. d4 d5 2. c4 c6 3. Nf3 Nf6 4. e3 Bf5 5. Be2 e6 6. Nc3 Ne4 7. Nxe4 Bxe4 8.
O-O Nd7 9. Re1 Bd6 10. Nd2 Bg6 11. Bf3 f5 12. g3 Nf6 13. Bg2 O-O 14. b3 e5
15. a4 1/2-1/2

[Event "Ennis Open 2024"]
[Site "Ennis IRL"]
[Date "2024.02.24"]
[Round "3.2"]
[White "Gubanov, Oleg"]
[Black "Arkell, Keith"]
[Result "1/2-1/2"]
[WhiteTitle "IM"]
[BlackTitle "GM"]
[WhiteElo "2285"]
[BlackElo "2366"]
[WhiteICU "2236"]
[WhiteClub "Ennis"]
[WhiteNationality "UKR"]
[BlackNationality "ENG"]
[WhiteFideId "14115115"]
[BlackFideId "400270"]
[PlyCount "101"]
[ECO "A40"]
[Opening "Queen's pawn"]
[Variation "Franco-Indian (Keres) defence"]
[EventSection "1/3"]
[Venue "West County Hotel"]
[EventDate "2024.02.23"]
[TimeControl "4500+30"]

{ Event information: <a
href="https://www.irlchess.com/ennis2024_allfiles/pairings_ennis2024.html">Tournament
report</a>. }

1. d4 e6 2. c4 Bb4+ 3. Nd2 c5 4. a3 Bxd2+ 5. Qxd2 cxd4 6. Qxd4 Nf6 7. Nf3
Nc6 8. Qc3 a5 9. b3 O-O 10. Bb2 Re8 11. e3 e5 12. Rd1 d6 13. Be2 Qe7 14.
O-O Bg4 15. Qc2 Rac8 16. Ng5 Bxe2 17. Qxe2 h6 18. Nf3 Qe6 19. e4 Ne7 20. a4
Ng6 21. Bc1 b6 22. Rfe1 Nd7 23. Nd2 Nc5 24. g3 Ne7 25. Qe3 f5 26. Ba3 f4
27. gxf4 exf4 28. Qc3 Ng6 29. Kh1 Ne5 30. Rg1 Rc7 31. Rg2 f3 32. Rg3 Rf7
33. Bxc5 dxc5 34. Rdg1 Ree7 35. Nxf3 Nxf3 36. Rxf3 Qxe4 37. Rg3 Rd7 38. Kg2
Rd4 39. Qe3 Qc6 40. Kf1 Rxf3 41. Qxf3 Qe6 42. Qa8+ Kh7 43. Kg2 Rf4 44. Qb7
Rf7 45. Qd5 Qxd5+ 46. cxd5 Rd7 47. Rd3 Kg6 48. f4 Kf5 49. Kf3 g5 50. fxg5
hxg5 51. d6 1/2-1/2

[Event "Ennis Open 2024"]
[Site "Ennis IRL"]
[Date "2024.02.24"]
[Round "3.3"]
[White "Liu, Jason"]
[Black "Venkatesan, Kavin"]
[Result "1/2-1/2"]
[BlackTitle "FM"]
[WhiteElo "1958"]
[BlackElo "2166"]
[WhiteICU "1987"]
[BlackICU "2239"]
[WhiteClub "Gonzaga"]
[BlackClub "St. Benildus"]
[WhiteNationality "IRL"]
[BlackNationality "IRL"]
[WhiteFideId "2514656"]
[BlackFideId "2512602"]
[PlyCount "48"]
[ECO "B90"]
[Opening "Sicilian"]
[Variation "Najdorf"]
[EventSection "1/3"]
[Venue "West County Hotel"]
[EventDate "2024.02.23"]
[TimeControl "4500+30"]

{ Event information: <a
href="https://www.irlchess.com/ennis2024_allfiles/pairings_ennis2024.html">Tournament
report</a>. }

1. e4 c5 2. Nf3 d6 3. d4 cxd4 4. Nxd4 Nf6 5. Nc3 a6 6. a4 e5 7. Nf3 Be7 8.
Bg5 Be6 9. Bxf6 Bxf6 10. Nd5 Nd7 11. Bc4 Rc8 12. Qe2 Nb6 13. Nxf6+ Qxf6 14.
Bxe6 Qxe6 15. a5 Nd7 16. c3 O-O 17. O-O f5 18. Rfd1 Rc6 19. exf5 Qxf5 20.
Ra4 Qf6 21. Nd2 Nc5 22. Ne4 Nxe4 23. Rxe4 Rc5 24. Rb4 Qe7 1/2-1/2

[Event "Ennis Open 2024"]
[Site "Ennis IRL"]
[Date "2024.02.24"]
[Round "3.4"]
[White "Arellano, Robert"]
[Black "Baker, Chris W."]
[Result "0-1"]
[WhiteElo "2075"]
[BlackElo "2020"]
[WhiteNationality "PHI"]
[BlackNationality "ENG"]
[WhiteFideId "5206049"]
[BlackFideId "405620"]
[PlyCount "104"]
[ECO "A40"]
[Opening "Queen's pawn"]
[EventSection "1/3"]
[Venue "West County Hotel"]
[EventDate "2024.02.23"]
[TimeControl "4500+30"]

{ Event information: <a
href="https://www.irlchess.com/ennis2024_allfiles/pairings_ennis2024.html">Tournament
report</a>. }

1. d4 e6 2. Nf3 f5 3. g3 Nf6 4. Bg2 Be7 5. O-O d6 6. b3 O-O 7. Bb2 Ne4 8.
c4 Bf6 9. Qc2 Nc6 10. a3 e5 11. e3 a5 12. c5 exd4 13. Nxd4 dxc5 14. Nxc6
bxc6 15. Rd1 Qe7 16. Nd2 Bxb2 17. Qxb2 Ba6 18. Qc2 Rae8 19. Nc4 Bxc4 20.
Qxc4+ Kh8 21. Rac1 Nxf2 22. Re1 Ng4 23. Qxc5 Qe6 24. Qxc6 Qxb3 25. Qc3 Qe6
26. Re2 Qh6 27. Bf3 Rxe3 28. Qc5 Rfe8 29. Bxg4 fxg4 30. Rce1 Rxe2 31. Rxe2
Qg6 32. Rxe8+ Qxe8 33. Qxa5 Qc6 34. Qb4 Qc1+ 35. Kf2 Qc2+ 36. Ke3 h5 37.
Kf4 Qc1+ 38. Ke4 c5 39. Qb8+ Kh7 40. Qf4 Qc2+ 41. Kd5 Qd3+ 42. Ke5 Kg8 43.
Ke6 Qb3+ 44. Ke7 Qb7+ 45. Ke8 Qc6+ 46. Ke7 Qd5 47. a4 c4 48. a5 c3 49. a6
c2 50. Qc1 Qd1 51. Qe3 c1=Q 52. Qe6+ Kh8 0-1